 Dungeon Crawl Stone Soup version 0.20.0 (webtiles) character file.

172 Llamajah the Shield-Bearer (level 5, -2/42 HPs)
             Began as a Formicid Fighter on July 11, 2017.
             Killed from afar by a white imp (4 damage)
             ... with a puff of frost
             ... summoned by Eustachio
             ... on level 4 of the Dungeon.
             The game lasted 00:07:52 (2948 turns).

Llamajah the Shield-Bearer (Formicid Fighter)       Turns: 2948, Time: 00:07:52

Health: -2/42      AC:  9    Str: 20    XL:     5   Next: 83%
Magic:  5/5        EV:  8    Int: 11    God:
Gold:   176        SH:  9    Dex: 11    Spells: 4/4 levels left

rFire    . . .     SeeInvis +   a - +0 war axe
rCold    . . .     Gourm    .   c - +0 shield
rNeg     . . .     Faith    .   b - +0 scale mail
rPois    .         Spirit   .   (helmet unavailable)
rElec    .         Reflect  .   (no cloak)
rCorr    .         Harm     .   o - +0 pair of gloves
MR       +....                  u - +0 pair of boots {Stlth+}
Stlth    +.........             (no amulet)
Regen    0.2/turn               e - +3 ring of intelligence
MPRegen  0.1/turn               g - ring of protection from magic

@: no status effects
A: permanent stasis, dig shafts and tunnels, four strong arms, antennae 3
a: Dig, Shaft Self


You were on level 4 of the Dungeon.
You were hungry.

You visited 1 branch of the dungeon, and saw 4 of its levels.

You collected 176 gold pieces.

Inventory:

Hand Weapons
 a - a +0 war axe (weapon)
Armour
 b - a +0 scale mail (worn)
 c - a +0 shield (worn)
 o - a +0 pair of gloves (worn)
 u - a +0 pair of boots of stealth (worn)
Jewellery
 e - a +3 ring of intelligence (left hand)
 g - a ring of protection from magic (right hand)
 k - an uncursed ring of magical power
 n - an uncursed ring of see invisible
Wands
 w - a wand of disintegration (15/24)
Scrolls
 h - 2 scrolls of amnesia {unknown}
 m - 2 scrolls of identify {unknown}
 p - a scroll of remove curse {unknown}
 q - a scroll of teleportation {unknown}
 s - 2 scrolls of magic mapping {unknown}
 v - a scroll of fog {unknown}
 x - a scroll of fear {unknown}
 y - a scroll of immolation {unknown}
Potions
 d - a potion of might
 i - a potion of agility {unknown}
 l - 4 potions of brilliance {unknown}
 r - a potion of haste {unknown}
 t - a potion of lignification {unknown}
Comestibles
 f - 3 bread rations
 j - 3 meat rations


   Skills:
 + Level 4.1 Fighting
 * Level 3.6 Axes
 + Level 3.9 Armour
 + Level 1.5 Dodging
 + Level 4.3 Shields


You had 4 spell levels left.
You didn't know any spells.

Dungeon Overview and Level Annotations

Branches:
Dungeon (4/15)
 Temple: D:4-7

Altars:
Trog
Yredelemnul
Zin
The Shining One

Annotations:
D:4 Eustachio


Innate Abilities, Weirdness & Mutations

You cannot be hasted, slowed, berserked, paralysed or teleported.
You can dig through walls and to a lower floor.
Your four strong arms can wield two-handed weapons with a shield.
You have a pair of large antennae on your head. (SInv)


Message History

The ufetubus hits you.
* * * LOW HITPOINT WARNING * * *
The ufetubus hits you but does no damage.
You hit Eustachio but do no damage.
Eustachio is almost dead.
You barely miss the bat. You hit the shadow imp. You barely miss the river rat.
You closely miss the ufetubus. You slash the white imp!
The bat hits you but does no damage.
The ufetubus hits you but does no damage.
The ufetubus barely misses you. The shadow imp closely misses you.
The river rat twitches its whiskers.
You block the river rat's attack.
The white imp hits you but does no damage.
Eustachio hits you with a rapier of protection.
* * * LOW HITPOINT WARNING * * *
The ufetubus hits you but does no damage.
You block the ufetubus's attack. You block the shadow imp's attack.
The white imp gestures at you. The puff of frost hits you!
You die...

.<..### ..# #..#
.##...###### ..###..# #
#........# ..##..#
..#........######..#..#
......................#
.####..........##.#...#
###......###.....##
###..####5r....#
#####..b@5#..#
#..@5.#.## #.##.....#
... ###...# ##. ###.#
.# ##


You could see Eustachio, a river rat, a white imp, a shadow imp, an ufetubus and
a bat.

Vanquished Creatures
  An orc priest (D:3)
  5 adders
  2 worms (D:3)
  3 dart slugs
  5 leopard geckos
  10 orcs (D:3)
  A ball python (D:2)
  8 bats
  A giant cockroach (D:2)
  9 goblins
  9 hobgoblins
  7 kobolds
  2 frilled lizards
  7 rats
70 creatures vanquished.

Vanquished Creatures (others)
  A bat (D:1)
1 creature vanquished.

Grand Total: 71 creatures vanquished

Notes
Turn   | Place    | Note
-------+----------+-------------------------------------------
     0 | D:1      | Llamajah the Formicid Fighter began the quest for the Orb.
     0 | D:1      | Reached XP level 1. HP: 18/18 MP: 1/1
   139 | D:1      | Reached XP level 2. HP: 24/24 MP: 2/2
   614 | D:1      | Reached XP level 3. HP: 27/29 MP: 3/3
  1112 | D:2      | Found a basalt altar of Yredelemnul.
  1128 | D:2      | Found a glowing golden altar of the Shining One.
  1435 | D:2      | Reached XP level 4. HP: 37/37 MP: 4/4
  1460 | D:2      | Reached skill level 1 in Dodging
  1662 | D:2      | Found a bloodstained altar of Trog.
  2281 | D:3      | Found a glowing silver altar of Zin.
  2294 | D:3      | Reached XP level 5. HP: 36/42 MP: 5/5
  2907 | D:4      | Noticed Eustachio
  2948 | D:4      | HP: 2/42 [Eustachio/rapier of protection (4)]
  2948 | D:4      | Killed from afar by a white imp

Skill      XL: |  1  2  3  4 |
---------------+-------------+-----
Axes           | 3 |  3.6
Dodging        | 1 |  1.5
Fighting       | 4 |  4.1
Shields        | 4 |  4.3
Armour         | |  3.9

Action                   |  1- 3 |  4- 6 || total
-------------------------+-------+-------++-------
Melee: War axe           |    84 |   152 ||   236
  Eat: Chunk             |     2 |     4 ||     6
Armor: Scale mail        |    44 |    82 ||   126
Dodge: Dodged            |    28 |    59 ||    87
Block: Shield            |    56 |    93 ||   149
